 Dungeon Crawl Stone Soup version 0.22-a0-430-g6609fc6 (webtiles) character file.

128 MisterFreud the Martial Artist (level 5, -4/33 HPs)
             Began as an Octopode Transmuter on May 26, 2018.
             Slain by an orc
             ... wielding a +0 club
              (8 damage)
             ... on level 3 of the Dungeon.
             The game lasted 00:03:35 (2409 turns).

MisterFreud the Martial Artist (OpTm)               Turns: 2409, Time: 00:03:36

Health: -4/33      AC:  1    Str:  9    XL:     5   Next: 11%
Magic:  4/8        EV: 12    Int: 16    God:
Gold:   62         SH:  5    Dex: 13    Spells: 2/8 levels left

rFire    . . .     SeeInvis .     - Unarmed
rCold    . . .     Gourm    .   d - +2 buckler
rNeg     . . .     Faith    .   (helmet restricted)
rPois    .         Spirit   .   (no amulet)
rElec    .         Reflect  .   h - ring of stealth
rCorr    .         Harm     .   (no ring)
MR       .....                  (no ring)
Stlth    +++.......             (no ring)
HPRegen  0.11/turn              (no ring)
MPRegen  0.11/turn              (no ring)
                                (no ring)
                                (no ring)

@: no status effects
A: almost no armour, stealthy swim, amphibious, 8 rings, constrict 8, camouflage
1, gelatinous body 1
a: no special abilities


You were on level 3 of the Dungeon.
You were hungry.

You visited 1 branch of the dungeon, and saw 3 of its levels.

You collected 62 gold pieces.

Inventory:

Missiles
 a - 55 arrows
 l - 36 bolts
 m - 73 stones (quivered)
 o - 2 javelins
Armour
 d - a +2 buckler (worn)
Jewellery
 h - a ring of stealth (left tentacle)
Scrolls
 b - a scroll of noise {unknown}
 e - a scroll of amnesia {unknown}
 f - a scroll of magic mapping {unknown}
 i - 2 scrolls of identify {unknown}
 j - a scroll of immolation {unknown}
 k - a scroll of enchant armour {unknown}
 n - a scroll of remove curse {unknown}
Potions
 r - a potion of might {unknown}
Comestibles
 c - 3 rations


   Skills:
 - Level 1.0 Fighting
 - Level 2.0 Dodging
 + Level 11.3 Unarmed Combat
 - Level 2.0 Spellcasting
 - Level 2.0 Transmutations


You had 2 spell levels left.
You knew the following spells:

 Your Spells              Type           Power        Failure   Level  Hunger
a - Beastly Appendage     Tmut           #.....       16%         1    #......
b - Sticks to Snakes      Tmut           #.......     22%         2    ###....
c - Spider Form           Tmut/Pois      #.........   56%         3    ###....

Your spell library contained the following spells:

 Spells                   Type           Power        Failure   Level  Hunger
 Blade Hands              Tmut           #.........   99%         5    ######.
 Ice Form                 Ice/Tmut       #.......     92%         4    #####..


Dungeon Overview and Level Annotations

Branches:
Dungeon (3/15)

Altars:


Innate Abilities, Weirdness & Mutations

You cannot wear most types of armour.
You are very stealthy in the water. (Stealth+)
You are amphibious.
You can wear up to eight rings at the same time.
You can use your tentacles to constrict eight enemies at once.
Your skin changes colour to match your surroundings (Stealth+).
Your rubbery body absorbs attacks. (AC +1, EV +1)


Message History

You bludgeon the orc priest!
You kill the orc priest!
You have reached level 5!
You feel agile.
You bludgeon the orc!
You kill the orc!
You tentacle-slap the orc but do no damage.
You grab the orc.
You constrict the orc, but do no damage.
The orc hits you with a club.
* * * LOW HITPOINT WARNING * * *
You completely miss the orc. You squeeze the orc.
The orc is moderately wounded.
You constrict the orc, but do no damage.
The orc escapes!
You tentacle-slap the orc but do no damage.
Your grab misses the orc.
The orc is moderately wounded.
The orc hits you with a club!
You die...

.##### ..<..# #+#
####.### ####.####
.......###.......#####
.###.#.##.............
#.#.##..#.....#####
#.#.##........#
#.......(....@#
###.##..##...oo......
#[##..##.#..######.
#.##..........
..###.......### ###
####.#### #.# ..#


You could see 2 orcs.

Vanquished Creatures
  An orc priest (D:3)
  A worm (D:2)
  A dart slug (D:2)
  An orc (D:3)
  10 bats
  4 giant cockroaches (D:1)
  2 goblins
  8 hobgoblins
  3 jackals (D:1)
  A frilled lizard (D:1)
  4 kobolds
  2 rats
38 creatures vanquished.

Notes
Turn   | Place    | Note
-------+----------+-------------------------------------------
     0 | D:1      | MisterFreud the Octopode Transmuter began the quest for the Orb.
     0 | D:1      | Reached XP level 1. HP: 13/13 MP: 3/3
   125 | D:1      | Reached XP level 2. HP: 16/18 MP: 5/5
   572 | D:1      | Reached skill level 4 in Unarmed Combat
   587 | D:1      | Reached XP level 3. HP: 13/23 MP: 6/6
   733 | D:1      | Learned a level 2 spell: Sticks to Snakes
   737 | D:1      | Learned a level 3 spell: Spider Form
  2402 | D:3      | HP: 1/23 [orc priest/hand axe (6)]
  2403 | D:3      | Reached skill level 11 in Unarmed Combat
  2403 | D:3      | Reached XP level 4. HP: 1/28 MP: 4/7
  2405 | D:3      | Reached XP level 5. HP: 8/33 MP: 4/8
  2409 | D:3      | Slain by an orc

Vault maps used:
D:1:      ncdulo_watergridlock
D:3:      lemuel_doored_altar

Skill      XL: |  1  2  3 |
---------------+----------+-----
Unarmed Combat | 4 11 | 11.3
Fighting       | |  1.0
Dodging        | |  2.0
Spellcasting   | |  2.0
Transmutations | |  2.0

Action                   |  1- 3 |  4- 6 || total
-------------------------+-------+-------++-------
Melee: Unarmed           |   101 |     5 ||   106
       Constrict         |    25 |     1 ||    26
       Tentacles         |    14 |     1 ||    15
       Punch             |     1 |       ||     1
 Cast: Sticks to Snakes  |     1 |       ||     1
  Use: Potion            |     2 |     1 ||     3
 Stab: Sleeping          |     8 |       ||     8
  Eat: Chunk             |     4 |       ||     4
Armor: Skin              |    14 |       ||    14
Dodge: Dodged            |    52 |     1 ||    53
Block: Buckler           |    22 |       ||    22

Table legend:
 A = Spawn XP
 B = Non-spawn XP
 C = Spawn XP percentage of total XP
 D = Spawn monster count
 E = Non-spawn monster count
 F = Spawn count percentage of total count
 G = Total turns spent on level
                    A         B        C        D         E        F      G
               +---------+---------+-------+---------+---------+-------+---------
         Total |       0 |     112 |   0.0 |       0 |      38 |   0.0 |  2409
               +---------+---------+-------+---------+---------+-------+---------
           D:1 |       0 |      45 |   0.0 |       0 |      27 |   0.0 |  1531
           D:2 |       0 |      19 |   0.0 |       0 |       8 |   0.0 |   838
           D:3 |       0 |      48 |   0.0 |       0 |       3 |   0.0 |    40
               +---------+---------+-------+---------+---------+-------+---------
